 Dungeon Crawl Stone Soup version 0.31-a0-865-g3d5d91748a (webtiles) character file.

Game seed: 13053238972652183548

210 pokeman the Magician (level 5, -1/29 HPs)
             Began as a Deep Elf Hedge Wizard on Oct 10, 2023.
             Slain by an iguana (8 damage)
             ... on level 5 of the Dungeon.
             The game lasted 00:05:29 (3723 turns).

pokeman the Magician (Deep Elf Hedge Wizard)        Turns: 3723, Time: 00:05:30

Health: -1/29      AC:  3    Str:  7    XL:     5   Next: 57%
Magic:  5/15       EV: 13    Int: 27    God:
Gold:   243        SH:  0    Dex: 14    Spells: 8/16 levels left

rFire   + . .        r - +2 dagger (venom)
rCold   . . .        (no shield)
rNeg    . . .        b - +0 robe
rPois   .            f - +0 helmet
rElec   .            (no cloak)
rCorr   .            (no gloves)
SInv    .            (no boots)
Will    .....        (no amulet)
Stlth   ++           i - ring of protection from fire
HPRegen 0.24/turn    l - +6 ring of intelligence
MPRegen 0.14/turn

%: no passive effects
@: on blink cooldown
A: no striking features
a: no special abilities


You were on level 5 of the Dungeon.
You visited 1 branch of the dungeon, and saw 5 of its levels.

You collected 243 gold pieces.

Inventory:

Hand Weapons
 r - a +2 dagger of venom (weapon)
Armour
 b - a +0 robe (worn)
 f - a +0 helmet (worn)
 o - a +0 buckler of reflection
Magical Staves
 c - a staff of poison
Jewellery
 i - a ring of protection from fire (left hand)
 l - a +6 ring of intelligence (right hand)
 m - a ring of positive energy
Scrolls
 a - a scroll of enchant armour {unknown}
 g - 5 scrolls of identify {unknown}
 k - 2 scrolls of revelation {unknown}
 p - 2 scrolls of silence {unknown}
Potions
 d - 2 potions of magic
 e - 2 potions of resistance {unknown}
 h - 2 potions of enlightenment {unknown}
 j - 2 potions of curing {unknown}
 n - a potion of might {unknown}
 q - 2 potions of lignification {unknown}


   Skills:
 - Level 1.0 Fighting
 - Level 1.0 Armour
 - Level 3.0 Dodging
 - Level 3.0 Stealth
 + Level 0.5 Shields
 * Level 6.3 Spellcasting
 + Level 2.8 Conjurations
 - Level 1.1 Summonings
 - Level 1.1 Translocations
 + Level 1.0 Evocations


You had 8 spell levels left.
You knew the following spells:

 Your Spells              Type           Power      Damage    Failure   Level
a - Magic Dart            Conj           96%        1d7       1%          1
b - Mephitic Cloud        Conj/Pois/Air  13%        N/A       13%         3
c - Call Imp              Summ           28%        N/A       6%          2
d - Blink                 Tloc           28%        N/A       6%          2

Your spell library contained the following spells:

 Spells                   Type           Power      Damage    Failure   Level
 Slow                     Hex            32%        N/A       6%          1
 Cigotuvi's Dreadful Rot  Necr/Pois/Air  16%        N/A       10%         2


Dungeon Overview and Level Annotations

Branches:
Dungeon (5/15)
 Temple: D:4-7

Altars:

Shops:
D:4 (


Message History

You feel a bit more experienced.
Your Evocations skill increases to level 1!
An orc comes into view. It is wielding a +0 flail.
The orc shouts!
An orc comes into view. It is wielding a +0 hand axe.
An orc wizard comes into view. It is wielding a +0 dagger.
Found a stone staircase leading up.
You feel ready to blink again.
The iguana seems less confused.
The orc attacks as it pursues you! The orc hits you with a +0 flail.
* * * LOW HITPOINT WARNING * * *
The orc closely misses you.
Found a maw talisman.
The orc attacks as it pursues you! The orc hits you with a +0 flail.
* * * LOW HITPOINT WARNING * * *
The orc attacks as it pursues you! The orc hits you with a +0 flail.
* * * LOW HITPOINT WARNING * * *
Casting: Blink (safe; 6% risk of failure)
Confirm with . or Enter, or press ? or * to list all spells.
A tiny devil pulls itself out of the air.
The orc hits you with a +0 flail.
* * * LOW HITPOINT WARNING * * *
Unknown command.
The orc wizard gestures at you while chanting.
Your cerulean imp appears confused.
You hit the orc.
The orc is poisoned.
The orc is moderately wounded.
Your cerulean imp hits the orc with a -3 spear.
The orc dies!
Something hits your cerulean imp.
Your cerulean imp closely misses the ice beast.
Casting: Call Imp (safe; 6% risk of failure)
Confirm with . or Enter, or press ? or * to list all spells.
You blink.
An orc comes into view. It is wielding a +0 hand axe.
The orc shouts!
The orc wizard hits your cerulean imp with a +4 dagger of draining.
Your cerulean imp closely misses the orc wizard.
The iguana bites you!
You die...

....### ......# #.
#####...#.#### # #.
.......##.#<. . #.
.##...###.#.# #†#.
..........#.### #.#.
..............# .#..
.#........#.#.######.# #.##
.##........oo.ol@Y§.## ##<#
.###.?....#####5####.###.##
.# #.#....# #o# ##.#..# <#
#.##.(..# #.# ##.#.#
#))l.l.....# ... #.#.#
##)......... .#.......#.#
.###.##.#..#....###.(...#
#.##. o.#.# .%........
.....#..#


You could see an ice beast, an iguana, 2 orc wizards, 2 orcs and a friendly
cerulean imp (summoned, confused).

Vanquished Creatures
  2 hounds
  3 gnolls (D:5)
  4 adders
  An ufetubus (D:4)
  5 dart slugs
  3 orcs
  4 bats (D:1)
  7 endoplasms
  3 giant cockroaches
  5 goblins
  9 hobgoblins
  5 kobolds
  3 quokkas
  8 ball pythons
  2 frilled lizards (D:1)
  4 rats (D:1)
68 creatures vanquished.

Vanquished Creatures (collateral kills)
  An orc (D:5)
1 creature vanquished.

Grand Total: 69 creatures vanquished

Notes
Turn   | Place    | Note
-------+----------+-------------------------------------------
     0 | D:1      | pokeman the Deep Elf Hedge Wizard began the quest for the
                  | Orb.
     0 | D:1      | Reached XP level 1. HP: 10/10 MP: 7/7
   280 | D:1      | Reached XP level 2. HP: 15/15 MP: 1/9
   936 | D:1      | Reached skill level 5 in Spellcasting
  1032 | D:1      | Reached XP level 3. HP: 20/20 MP: 9/11
  1036 | D:1      | Learned a level 3 spell: Mephitic Cloud
  1039 | D:1      | Learned a level 2 spell: Call Imp
  1042 | D:1      | Learned a level 2 spell: Blink
  1821 | D:2      | Reached skill level 1 in Fighting
  1821 | D:2      | Reached skill level 1 in Armour
  2487 | D:3      | Reached XP level 4. HP: 25/25 MP: 5/13
  3203 | D:4      | Found Ossalo Haig's Antique Weapon Boutique.
  3233 | D:4      | Reached skill level 6 in Spellcasting
  3283 | D:4      | Reached XP level 5. HP: 29/29 MP: 8/15
  3635 | D:5      | Entered Level 5 of the Dungeon
  3656 | D:5      | Noticed an ice beast
  3707 | D:5      | Reached skill level 1 in Evocations
  3723 | D:5      | Slain by an iguana

Illustrated notes

Levels and vault maps discovered:
D:1:      dpeg_arrival_rooms_with_view, layout_loops_corners, st_stairs_9,
          minmay_indecisive_spiral
D:2:      layout_rooms
D:3:      layout_rooms, minmay_misc_feat_doors, grunt_decor_junction
D:4:      layout_rooms, serial_shops, shop, minmay_stone_trees_medium
D:5:      layout_loops_ring, nicolae_hepliaklqana_hippocampus, serial_shops,
          nicolae_shop_stone, nicolae_underground_beach

Skill      XL: |  1  2  3  4  5 |
---------------+----------------+-----
Spellcasting   | 5 6 |  6.3
Conjurations   | 2 |  2.8
Fighting       | 1 |  1.0
Armour         | 1 |  1.0
Stealth        | 3 |  3.0
Dodging        | 3 |  3.0
Evocations     | 1 |  1.0
Shields        | |  0.5
Summonings     | |  1.1
Translocations | |  1.1

Action                     |  1- 3 |  4- 6 || total
---------------------------+-------+-------++-------
  Melee: Dagger            |     8 |    10 ||    18
   Cast: Magic Dart        |   116 |    41 ||   157
         Mephitic Cloud    |       |     3 ||     3
         Blink             |       |     2 ||     2
         Call Imp          |       |     1 ||     1
   Stab: Confused          |       |     1 ||     1
 Armour: Robe              |    11 |    14 ||    25
  Dodge: Dodged            |    13 |    14 ||    27

Table legend: (Time is in decaauts)
 A = Elapsed time spent in this place.
 B = Non-inter-level travel time spent in this place.
 C = Inter-level travel time spent in this place.
 D = Time resting spent in this place.
 E = Time spent auto-exploring this place.
 F = Levels seen in this place.
 G = Mean time per level.
                   A        B        C        D        E       F      G
               +--------+--------+--------+--------+--------+-----+--------+
         Total |   3721 |   3557 |    164 |     93 |   3080 |   5 |  744.2 |
       Dungeon |   3721 |   3557 |    164 |     93 |   3080 |   5 |  744.2 |
               +--------+--------+--------+--------+--------+-----+--------+

Top non-repeatable levels by time:
     D:1: 1440 daAuts
     D:4: 770 daAuts
     D:2: 724 daAuts
     D:3: 718 daAuts
     D:5: 67 daAuts
